[Event "Titled Tuesday Blitz February 15 Late 2022"]
[White "Iturrizaga Bonelli, Eduardo"]
[Black "Mirzoev, Azer"]
[WhiteFideId "3901211"]
[BlackFideId "13400304"]
[WhiteElo "2646"]
[BlackElo "2525"]
[Result "1-0"]
[Round "03"]
[TimeControl "180+1"]
[Date "2022.02.15"]
[WhiteClock "0:00:29"]
[BlackClock "0:00:03"]

1. c4 e6 2. g3 d5 3. Bg2 Nf6 4. Nf3 Be7 5. O-O O-O 6. d4 c6 7. Qc2 b6 8. b3 Bb7 9. Nc3 Na6 10. Rd1 Nb4 11. Qb1 Rc8 12. e4 a5 13. a3 Na6 14. h3 Re8 15. Be3 h6 16. Ne5 Bf8 17. Qd3 Nb8 18. c5 bxc5 19. dxc5 Ba6 20. Qc2 Qc7 21. Nf3 Qb7 22. b4 Bc4 23. Nd2 Ba6 24. Nb3 axb4 25. axb4 Qxb4 26. Na5 d4 27. Bxd4 Nbd7 28. e5 Nd5 29. Ne4 Qb8 30. Nd6 Bxd6 31. exd6 Bb5 32. Rdb1 e5 33. Nxc6 Rxc6 34. Bxd5 Rcc8 35. Be3 1-0


[Site "https://www.chess.com"]

[Event "Titled Tuesday Blitz February 15 Late 2022"]
[White "Jacobson, Aaron"]
[Black "Miszler, Levente"]
[WhiteFideId "2089912"]
[BlackFideId "763276"]
[WhiteElo "2265"]
[BlackElo "1966"]
[Result "1-0"]
[Round "03"]
[TimeControl "180+1"]
[Date "2022.02.16"]
[WhiteClock "0:00:10"]
[BlackClock "0:00:03"]

1. e4 e6 2. d4 d5 3. Nd2 e5 4. Ngf3 dxe4 5. Nxe4 Bg4 6. h3 Bh5 7. Bc4 Nc6 8. c3 Nf6 9. Nxf6+ Qxf6 10. g4 Bg6 11. Bg5 Qd6 12. Qb3 f6 13. Be3 O-O-O 14. dxe5 Nxe5 15. Be6+ Kb8 16. Nd4 Be4 17. Rg1 Nf3+ 18. Nxf3 Bxf3 19. Rg3 Qc6 20. Bc4 Bd6 21. Bb5 Qe4 22. Rg1 Bf4 23. Qa4 Qxa4 24. Bxa4 Bh2 25. Rf1 Bg2 26. Ke2 Bxf1+ 27. Rxf1 c6 28. Bc2 Rhe8 29. f4 g5 30. Kf3 Bxf4 31. Bd4 Be5 32. Be3 Re7 33. a4 Rde8 34. Bc5 Rd7 35. Be3 Bc7 36. Bf5 Rde7 37. Bd4 Re2 38. Bxh7 Rh2 39. Bg6 Rxh3+ 40. Kf2 Rh2+ 41. Kf3 Reh8 42. Bh5 R8xh5 43. gxh5 Rxh5 44. Bxf6 Rh4 45. Bxg5 Rh2 46. Bc1 b6 47. Ke4 Kb7 48. Kd3 Rh3+ 49. Kc4 a6 50. Rf7 b5+ 51. Kb3 c5 52. Bf4 c4+ 53. Ka2 bxa4 54. Rxc7+ Kb6 55. Rxc4 Rh4 56. Be3+ Kb5 57. Rxh4 a3 58. Rb4+ Ka5 59. Bb6# 1-0


[Site "https://www.chess.com"]

[Event "Titled Tuesday Blitz February 15 Late 2022"]
[White "Jacobson, Brandon"]
[Black "Bellissimo, Joseph F."]
[WhiteFideId "30901561"]
[BlackFideId "2609843"]
[WhiteElo "2362"]
[BlackElo "2061"]
[Result "1-0"]
[Round "03"]
[TimeControl "180+1"]
[Date "2022.02.16"]
[WhiteClock "0:00:19"]
[BlackClock "0:00:19"]

1. Nf3 Nf6 2. c4 e6 3. g3 d5 4. Bg2 Be7 5. O-O O-O 6. d4 Nbd7 7. Qc2 c6 8. Rd1 b6 9. b3 Bb7 10. Nc3 Rc8 11. e4 dxe4 12. Nxe4 c5 13. Nxf6+ Bxf6 14. Ng5 g6 15. Bxb7 Rb8 16. Bc6 cxd4 17. Nf3 e5 18. Re1 Re8 19. Bh6 Qc7 20. Bxd7 Qxd7 21. Rad1 Rbd8 22. Qe4 Qe7 23. Qc6 Rd6 24. Qb5 e4 25. Ng5 a6 26. Qa4 b5 27. Nxe4 bxa4 28. Nxf6+ Rxf6 29. Rxe7 Rxe7 30. Bg5 Rfe6 31. Bxe7 Rxe7 32. Rxd4 Re2 33. bxa4 Rxa2 34. c5 Rc2 35. Rd5 Kf8 36. Kg2 Ke7 37. h4 Ke6 38. Rd6+ Ke7 39. Rxa6 Rxc5 40. Kf3 Rc3+ 41. Kf4 Rc2 42. Kf3 Rc3+ 43. Kg2 Ra3 44. a5 h5 45. Kf1 Ra2 46. Kg1 Ke8 47. Ra7 Kf8 48. Kg2 Ra3 49. a6 Kg7 50. Kf1 Ra2 51. Ke1 Kf6 52. f3 Ke6 53. Kd1 f6 54. Kc1 Kf5 55. Kb1 Ra3 56. Kb2 Ra5 57. Ra8 Ra4 58. Kc3 Ra3+ 59. Kb4 Ra1 60. a7 Rb1+ 61. Kc3 Ra1 62. g4+ hxg4 63. fxg4+ Kxg4 64. h5 Kxh5 65. Rh8+ Kg4 66. a8=Q Rxa8 67. Rxa8 f5 68. Kd2 g5 69. Ke2 Kg3 70. Kf1 f4 71. Ra3+ f3 72. Ra4 g4 73. Rb4 Kh3 74. Kf2 Kh4 75. Ra4 Kh3 76. Ra8 Kh4 77. Rh8+ Kg5 78. Kg3 Kf5 79. Rf8+ Kg5 80. Rf4 Kh5 81. Rxg4 f2 82. Rf4 Kg5 83. Rxf2 Kh5 84. Rf4 Kg5 85. Kf3 Kg6 86. Kg4 Kh6 87. Rf6+ Kg7 88. Kg5 Kg8 89. Kh6 Kh8 90. Rf8# 1-0


[Site "https://www.chess.com"]

[Event "Titled Tuesday Blitz February 15 Late 2022"]
[White "Jakubowski, Krzysztof"]
[Black "Pichot, Alan"]
[WhiteFideId "1112848"]
[BlackFideId "110973"]
[WhiteElo "2365"]
[BlackElo "2543"]
[Result "1-0"]
[Round "03"]
[TimeControl "180+1"]
[Date "2022.02.15"]
[WhiteClock "0:00:05"]
[BlackClock "0:00:01"]

1. e4 c5 2. Nf3 e6 3. d4 cxd4 4. Nxd4 Nc6 5. Nc3 Qc7 6. Be3 a6 7. Qf3 Ne5 8. Qg3 h5 9. O-O-O h4 10. Qh3 b5 11. f4 Nc4 12. Bxc4 Qxc4 13. Kb1 Bb7 14. Rhe1 Rc8 15. e5 g6 16. Re2 Ne7 17. g4 b4 18. Na4 Nd5 19. Bc1 Be7 20. b3 Qc7 21. f5 Nc3+ 22. Nxc3 Qxc3 23. Rd3 Qc5 24. Qe3 a5 25. Qd2 Ba6 26. fxg6 fxg6 27. Rf2 Bxd3 28. Qxd3 Qxe5 29. Qxg6+ Kd8 30. Rd2 Kc7 31. Qd3 Kb7 32. Nf3 Qd5 33. Qe2 Qc6 34. Ne5 Qb6 35. Rxd7+ Rc7 36. Qe4+ Kb8 37. Rxc7 Qxc7 38. Nc6+ Kc8 39. Nxe7+ Kd7 40. Ng6 Rg8 41. Ne5+ Kd8 42. Qd4+ Kc8 43. g5 Rd8 44. Qe4 Rd1 45. g6 Rg1 46. Nd3 Qxh2 47. Qxe6+ Kb8 48. Qe8+ Kb7 49. Qf7+ Kb8 50. g7 Qg2 51. Qf8+ Kb7 52. Qe7+ Kb8 53. Qe5+ Kb7 54. Qb5+ Kc8 55. Qc4+ Kd7 56. Qxh4 Qxg7 57. Qh5 Kc8 58. Qc5+ 1-0


[Site "https://www.chess.com"]

[Event "Titled Tuesday Blitz February 15 Late 2022"]
[White "Janaszak, Dawid"]
[Black "Srebrnic, Marko"]
[WhiteFideId "1119206"]
[BlackFideId "14603616"]
[WhiteElo "2199"]
[BlackElo "2340"]
[Result "1-0"]
[Round "03"]
[TimeControl "180+1"]
[Date "2022.02.16"]
[WhiteClock "0:00:39"]
[BlackClock "0:00:05"]

1. e4 c5 2. Nc3 Nc6 3. Bb5 e5 4. Bxc6 bxc6 5. d3 d6 6. f4 f6 7. f5 g6 8. Nh3 Bh6 9. O-O Bxc1 10. Rxc1 g5 11. Qh5+ Kf8 12. Nd1 Qe8 13. Qe2 h5 14. Ne3 g4 15. Nf2 Nh6 16. Nc4 Qe7 17. c3 Ba6 18. b4 Bxc4 19. dxc4 Nf7 20. Nd3 Kg7 21. bxc5 dxc5 22. Qe3 Ng5 23. Nxc5 Rab8 24. Rb1 h4 25. Rfd1 Rhd8 26. Rdc1 g3 27. h3 Rb6 28. Rb3 Rxb3 29. axb3 Rd2 30. Ra1 Rf2 31. Ne6+ Nxe6 32. Rxa7 Nc7 33. Qb6 Kh6 34. Qe3+ Kg7 35. Qb6 Kh6 36. Qxc6 Qd8 37. Ra1 Qd2 38. Qxf6+ Kh7 39. Qxh4+ Kg7 40. Qxg3+ Kf7 41. Qxf2 Qxc3 42. Ra7 Qc1+ 43. Kh2 Kf6 44. Rxc7 1-0


[Site "https://www.chess.com"]

[Event "Titled Tuesday Blitz February 15 Late 2022"]
[White "Jimenez Fernandez, Rebeca"]
[Black "Kraus, Tomas"]
[WhiteFideId "32070934"]
[BlackFideId "331708"]
[WhiteElo "1853"]
[BlackElo "2389"]
[Result "0-1"]
[Round "03"]
[TimeControl "180+1"]
[Date "2022.02.16"]
[WhiteClock "0:00:01"]
[BlackClock "0:00:04"]

1. e4 e6 2. d3 d5 3. Nd2 Nf6 4. Ngf3 Be7 5. g3 c5 6. Bg2 Nc6 7. O-O b5 8. Re1 O-O 9. e5 Nd7 10. Nf1 Qc7 11. Bf4 Bb7 12. h4 Rfc8 13. N1h2 Qd8 14. c3 a5 15. d4 b4 16. h5 h6 17. Ng4 Bf8 18. Qd2 a4 19. a3 Na5 20. Bxh6 gxh6 21. Nxh6+ Bxh6 22. Qxh6 Qf8 23. Qf4 bxc3 24. bxc3 cxd4 25. cxd4 Nb3 26. Rab1 Ba6 27. Bh3 Bd3 28. Rbd1 Be4 29. Ng5 Bc2 30. Nxe6 fxe6 31. Bxe6+ Kh8 32. Bxd7 Qxf4 33. gxf4 Rc7 34. e6 Bxd1 35. Rxd1 Rxd7 36. exd7 Rd8 37. Kg2 Rxd7 38. Kf3 Re7 39. Kg4 Re4 40. Kg5 Nxd4 41. Rc1 Ne6+ 42. Kh6 Rxf4 43. Kg6 Nf8+ 44. Kg5 Rxf2 45. Rc5 d4 46. Rd5 Rf3 47. Kg4 Rd3 48. Rd8 Kg7 49. h6+ Kf7 50. Ra8 Rxa3 51. Ra7+ Kg6 52. Ra6+ Kh7 53. Kg5 Rg3+ 54. Kf4 Rg6 55. Rxa4 Kxh6 56. Ke5 Ne6 0-1


[Site "https://www.chess.com"]

[Event "Titled Tuesday Blitz February 15 Late 2022"]
[White "Jones, Gawain C B"]
[Black "Sohal, Tanraj"]
[WhiteFideId "409561"]
[BlackFideId "2608499"]
[WhiteElo "2657"]
[BlackElo "2200"]
[Result "1-0"]
[Round "03"]
[TimeControl "180+1"]
[Date "2022.02.15"]
[WhiteClock "0:00:02"]
[BlackClock "0:00:01"]

1. Nf3 d5 2. g3 Nf6 3. Bg2 g6 4. b3 Bg7 5. Bb2 O-O 6. c4 c6 7. O-O Bg4 8. Ne5 Bf5 9. d4 Ne4 10. cxd5 cxd5 11. Nd2 Nd7 12. Nd3 Nxd2 13. Qxd2 Be4 14. Bh3 Nf6 15. f3 Bf5 16. Bxf5 gxf5 17. Qb4 b6 18. Bc1 e6 19. Bg5 Qc8 20. Rfc1 Qb7 21. Kg2 Rac8 22. Qd6 Qd7 23. Qf4 Ne8 24. Ne5 Bxe5 25. dxe5 Kh8 26. Rxc8 Qxc8 27. Rc1 Qd7 28. Bf6+ Nxf6 29. exf6 Qd8 30. Qe5 h6 31. Rc7 a5 32. Re7 d4 33. Qf4 Kh7 34. Qe5 Kg6 35. g4 d3 36. gxf5+ exf5 37. exd3 Qxd3 38. Qg3+ Kxf6 39. Qh4+ Kg7 40. Kf2 Rc8 41. Qg3+ Kf6 42. Qe5+ Kg6 43. Re6+ fxe6 44. Qxe6+ Kg5 45. h4+ Kh5 46. Qxc8 1-0


[Site "https://www.chess.com"]

[Event "Titled Tuesday Blitz February 15 Late 2022"]
[White "Josse, Mark"]
[Black "Przybylski, Wojciech"]
[WhiteFideId "414476"]
[BlackFideId "1117599"]
[WhiteElo "2255"]
[BlackElo "2133"]
[Result "0-1"]
[Round "03"]
[TimeControl "180+1"]
[Date "2022.02.16"]
[WhiteClock "0:02:19"]
[BlackClock "0:01:54"]

1. d4 Nf6 2. Nf3 e6 3. c4 b6 4. g3 Ba6 5. b3 Bb4+ 6. Nbd2 O-O 7. Bg2 d5 8. Qc2 Nbd7 9. O-O c5 10. Ne5 Rc8 11. Bb2 cxd4 12. Bxd4 Nxe5 13. Bxe5 dxc4 14. Nxc4 b5 15. a3 Be7 16. Rfd1 Qe8 0-1


[Site "https://www.chess.com"]

[Event "Titled Tuesday Blitz February 15 Late 2022"]
[White "Kalashian, David"]
[Black "Piesik, Piotr"]
[WhiteFideId "13302418"]
[BlackFideId "1136194"]
[WhiteElo "2490"]
[BlackElo "2232"]
[Result "1/2-1/2"]
[Round "03"]
[TimeControl "180+1"]
[Date "2022.02.16"]
[WhiteClock "0:00:03"]
[BlackClock "0:00:20"]

1. d4 c5 2. e4 cxd4 3. Nf3 d6 4. c3 Nf6 5. e5 dxe5 6. Nxe5 Nc6 7. Nxc6 bxc6 8. cxd4 Bg4 9. Qa4 Qd7 10. Nc3 e6 11. h3 Bf5 12. Be2 Bd6 13. O-O O-O 14. Bf3 Rfc8 15. Bg5 Bd3 16. Rfd1 Bb5 17. Nxb5 cxb5 18. Qb3 Rab8 19. Bxf6 gxf6 20. d5 e5 21. Rac1 Bc5 22. d6 f5 23. Qd5 Bd4 24. Bh5 Bxb2 25. Rc7 Rxc7 26. dxc7 Qxc7 27. Qd2 Bd4 28. Qg5+ Kf8 29. Qxf5 Rb6 30. Qxh7 Rf6 31. Rf1 Qc5 32. Qh8+ Ke7 33. Qa8 Bxf2+ 34. Kh1 Qb6 35. Qd5 Bd4 36. Rc1 Kf8 37. Qe4 Qe6 38. Bg4 Qxa2 39. Bf3 Kg7 40. Qh4 Qf2 41. Qe4 Rf4 42. Qd5 Qe3 43. Rf1 e4 44. Qg5+ Kf8 45. Qd8+ Kg7 46. Qg5+ Kf8 47. Qd8+ Kg7 48. Qg5+ 1/2-1/2


[Site "https://www.chess.com"]

[Event "Titled Tuesday Blitz February 15 Late 2022"]
[White "Kamsky, Gata"]
[Black "Nepomniachtchi, Ian"]
[WhiteFideId "2000024"]
[BlackFideId "4168119"]
[WhiteElo "2645"]
[BlackElo "2740"]
[Result "0-1"]
[Round "03"]
[TimeControl "180+1"]
[Date "2022.02.15"]
[WhiteClock "0:00:02"]
[BlackClock "0:00:16"]

1. d4 Nf6 2. Nf3 g6 3. Bg5 Bg7 4. c3 O-O 5. Nbd2 c5 6. e3 d6 7. Be2 Bf5 8. O-O Nbd7 9. Qb3 Qb6 10. a4 Be6 11. Qa3 Rfc8 12. Rfe1 a6 13. a5 Qd8 14. Bd3 cxd4 15. exd4 Bd5 16. c4 Bxf3 17. Nxf3 e6 18. Qxd6 h6 19. Bd2 Nb8 20. Qxd8+ Rxd8 21. Bc3 Nc6 22. Rad1 Rac8 23. Bf1 Nd7 24. g3 Bf8 25. d5 exd5 26. cxd5 Nb4 27. Bh3 Na2 28. Bd4 Rc2 29. d6 Nb4 30. Re7 Nc5 31. Rc7 Bxd6 32. Bxc5 Bxc7 33. Rxd8+ Bxd8 34. Bxb4 Rxb2 35. Be1 Ra2 36. Bc8 Bxa5 37. Bxa5 Rxa5 38. Bxb7 Ra1+ 39. Kg2 a5 40. Bd5 Kg7 41. Ne5 f6 42. Nd3 Ra3 43. Nf4 Rc3 44. Ne6+ Kh8 45. Nf4 g5 46. Nh5 f5 47. Be6 Rc5 48. Bd7 Rd5 49. Be6 Re5 50. Bd7 Rc5 51. h4 Rd5 52. Be6 Re5 53. Bd7 gxh4 54. gxh4 Rd5 55. Be6 Rd4 56. Bxf5 Rxh4 57. Ng3 a4 58. Be6 Rb4 59. Nf5 Kh7 60. Kg3 a3 61. f4 Rb6 62. Ba2 Rb2 63. Bd5 a2 64. Bxa2 Rxa2 65. Kg4 Kg6 66. Nh4+ Kf6 67. Nf3 Ra5 68. Nh4 h5+ 69. Kg3 Ra3+ 70. Kg2 Rb3 71. Kh2 Ke6 72. Kg2 Kd5 73. Kh2 Ke4 74. f5 Kf4 75. f6 Rb7 76. Ng6+ Kg5 77. Ne5 Kxf6 78. Nf3 Kf5 79. Kg3 Rb3 80. Kg2 Kf4 81. Nd4 Rg3+ 82. Kf2 Rd3 83. Ne2+ Kg4 0-1


[Site "https://www.chess.com"]

[Event "Titled Tuesday Blitz February 15 Late 2022"]
[White "Khater, Sherif"]
[Black "Niemann, Hans Moke"]
[WhiteFideId "2034280"]
[BlackFideId "2093596"]
[WhiteElo "2547"]
[BlackElo "2636"]
[Result "0-1"]
[Round "03"]
[TimeControl "180+1"]
[Date "2022.02.16"]
[WhiteClock "0:00:35"]
[BlackClock "0:01:24"]

1. b3 e5 2. Bb2 Nc6 3. e3 d5 4. Bb5 f6 5. d4 e4 6. Ne2 Bd7 7. O-O a6 8. Bxc6 bxc6 9. Ba3 Bd6 10. Bxd6 cxd6 11. Nd2 Nh6 12. c4 O-O 13. cxd5 cxd5 14. b4 Be6 15. Nf4 Bf7 16. Qb3 Qd7 17. Rfc1 Qf5 18. Rc7 g5 19. Ne2 Ng4 20. Rf1 Rfc8 21. Ng3 Qe6 22. Rfc1 Rxc7 23. Rxc7 h5 24. h3 Nh6 25. Qa4 h4 26. Ngf1 g4 27. Qd7 gxh3 28. gxh3 Qxd7 29. Rxd7 Be6 30. Rxd6 Kf7 31. Nb3 Bxh3 32. f4 Rg8+ 33. Kf2 Ng4+ 34. Ke1 Bxf1 35. Kxf1 Nxe3+ 36. Ke2 h3 37. Rd7+ Kg6 38. Kxe3 h2 39. f5+ Kh6 0-1


[Site "https://www.chess.com"]

[Event "Titled Tuesday Blitz February 15 Late 2022"]
[White "Kim, Sergey"]
[Black "Toncheva, Nadya"]
[WhiteFideId "13700570"]
[BlackFideId "2924056"]
[WhiteElo "2603"]
[BlackElo "1920"]
[Result "1/2-1/2"]
[Round "03"]
[TimeControl "180+1"]
[Date "2022.02.16"]
[WhiteClock "0:00:39"]
[BlackClock "0:00:09"]

1. d4 Nf6 2. c4 e6 3. Nc3 c5 4. d5 exd5 5. cxd5 d6 6. e4 g6 7. Nge2 Bg7 8. Ng3 O-O 9. Be2 Na6 10. O-O Nc7 11. a4 a6 12. Bf4 Qe7 13. Qd2 Re8 14. Bh6 Bh8 15. f4 Ng4 16. Bxg4 Bxg4 17. f5 Be5 18. Bg5 f6 19. Bf4 b5 20. h3 Bh5 21. Nxh5 gxh5 22. Ne2 bxa4 23. Rxa4 Rab8 24. Bxe5 Qxe5 25. Nc3 Rb4 26. Ra2 Nb5 27. Rxa6 Nxc3 28. bxc3 Rxe4 29. Ra7 Re2 30. Qh6 Qe3+ 31. Qxe3 R8xe3 32. Rb1 Re1+ 33. Rxe1 Rxe1+ 34. Kh2 Re5 35. c4 Rxf5 36. Rd7 Rf4 37. Rxd6 Rxc4 38. Rxf6 Rd4 39. Rd6 c4 40. Rc6 Rxd5 41. Rxc4 Kg7 42. Kg3 Kg6 43. Kh4 Rd6 44. Rc5 h6 45. Ra5 Re6 46. Rb5 Rd6 47. Rxh5 Rd4+ 48. g4 Rd6 49. Ra5 Re6 50. Ra3 Rd6 51. Kg3 Rc6 52. Re3 Rd6 53. Kf4 Rb6 54. h4 Rb4+ 55. Re4 Rb6 56. Rd4 Rf6+ 57. Ke4 Ra6 58. Ke5 Ra5+ 59. Rd5 Ra4 60. Rd6+ Kg7 61. Kf5 Ra5+ 62. Ke6 Ra4 63. Kf5 Ra5+ 64. Ke4 Ra4+ 65. Rd4 Ra5 66. Kf4 Kg6 67. Rd6+ Kg7 68. Re6 Ra4+ 69. Re4 Ra5 70. Re5 Ra4+ 71. Kf5 Kf7 72. Rb5 Kg8 73. Rb6 Kg7 74. Rg6+ Kh7 75. Re6 Ra5+ 76. Re5 Ra4 77. Re7+ Kg8 78. h5 Ra5+ 79. Kf6 Ra6+ 80. Re6 Ra4 81. Kf5 Ra5+ 82. Kg6 Rg5+ 83. Kxh6 Rxg4 84. Rg6+ Rxg6+ 85. hxg6 Kh8 86. Kg5 Kg7 87. Kf5 Kg8 88. Kf6 Kf8 89. Kg5 Kg7 90. Kh5 Kg8 91. Kh6 Kh8 92. g7+ Kg8 93. Kg6 1/2-1/2


[Site "https://www.chess.com"]

[Event "Titled Tuesday Blitz February 15 Late 2022"]
[White "Klukin, Kirill"]
[Black "Sjugirov, Sanan"]
[WhiteFideId "24199273"]
[BlackFideId "4189302"]
[WhiteElo "2324"]
[BlackElo "2602"]
[Result "1/2-1/2"]
[Round "03"]
[TimeControl "180+1"]
[Date "2022.02.15"]
[WhiteClock "0:00:03"]
[BlackClock "0:00:03"]

1. d4 Nf6 2. Nf3 e6 3. e3 b6 4. Bd3 Bb7 5. O-O d5 6. b3 Bd6 7. Bb2 Nbd7 8. Nbd2 O-O 9. Qe2 Ne4 10. Ne5 f5 11. f4 Nxd2 12. Qxd2 Nxe5 13. fxe5 Be7 14. a4 a5 15. Ba3 Bxa3 16. Rxa3 c5 17. c3 Ba6 18. Bxa6 Rxa6 19. Raa1 Ra7 20. Rac1 Rd7 21. Rfd1 Qh4 22. Qf2 Qe7 23. Qe2 Qg5 24. c4 dxc4 25. Rxc4 cxd4 26. Rdxd4 Rxd4 27. Rxd4 h6 28. g3 Rc8 29. Kg2 Rc5 30. h4 Qe7 31. Rd6 Qb7+ 32. Kh2 Rxe5 33. Qc4 Qe4 34. Qc8+ Kh7 35. Rd8 Rd5 36. Rh8+ Kg6 37. Qe8+ Kf6 38. Qf8+ Kg6 39. Qe8+ Kf6 40. Qf8+ Ke5 41. Qxg7+ Kd6 42. Qf8+ Ke5 43. Qg7+ Kd6 44. Qf8+ Ke5 45. Qg7+ 1/2-1/2


[Site "https://www.chess.com"]

[Event "Titled Tuesday Blitz February 15 Late 2022"]
[White "Koepke, Christian"]
[Black "Cori T., Deysi"]
[WhiteFideId "4655737"]
[BlackFideId "3801934"]
[WhiteElo "2180"]
[BlackElo "2350"]
[Result "0-1"]
[Round "03"]
[TimeControl "180+1"]
[Date "2022.02.16"]
[WhiteClock "0:00:03"]
[BlackClock "0:00:14"]

1. e4 e6 2. b3 d5 3. Bb2 Nf6 4. e5 Nfd7 5. f4 c5 6. Qg4 Nc6 7. Nf3 h5 8. Qg3 Ne7 9. Be2 Nf5 10. Qh3 Rh6 11. Nc3 Rb8 12. Nb5 a6 13. Nd6+ Nxd6 14. exd6 Nf6 15. O-O-O Bxd6 16. Ne5 Qa5 17. Kb1 Ne4 18. Qe3 f6 19. Ng6 Kd7 20. f5 e5 21. Qd3 c4 22. Qe3 Kc7 23. bxc4 Bxf5 24. Nh4 Be6 25. Bf3 Bc5 26. Qe1 Rd8 27. d3 Qxe1 28. Rhxe1 Ng5 29. Bxd5 Bxd5 30. cxd5 Rxd5 31. Nf5 Rg6 32. Ne7 Bxe7 33. c4 Rd7 34. h4 Ne6 35. Re2 Nf4 36. Red2 Bb4 37. Rc2 Rxd3 38. Rxd3 Nxd3 39. a3 Bc5 40. Bc3 Rg4 41. Rd2 e4 42. Ba5+ b6 43. Bc3 Rxh4 44. Re2 Rg4 45. Kc2 Kc6 46. Kb3 f5 47. Bb4 g6 48. Bxc5 Nxc5+ 49. Kc3 Rg3+ 50. Kd4 Kd6 51. Re3 Ne6+ 0-1


[Site "https://www.chess.com"]

[Event "Titled Tuesday Blitz February 15 Late 2022"]
[White "Kollars, Dmitrij"]
[Black "Koziorowicz, Michal"]
[WhiteFideId "12909572"]
[BlackFideId "21809194"]
[WhiteElo "2584"]
[BlackElo "2166"]
[Result "0-1"]
[Round "03"]
[TimeControl "180+1"]
[Date "2022.02.15"]
[WhiteClock "0:00:04"]
[BlackClock "0:00:10"]

1. e4 c5 2. Nf3 d6 3. Bb5+ Bd7 4. Bxd7+ Qxd7 5. c4 e5 6. Nc3 Ne7 7. d3 g6 8. O-O Bg7 9. Rb1 O-O 10. a3 Nbc6 11. b4 b6 12. Nd5 f5 13. Bg5 Nxd5 14. exd5 Nd4 15. Nxd4 cxd4 16. f3 Rac8 17. Qb3 Rfe8 18. Rfe1 h6 19. Bd2 Kh7 20. a4 a6 21. Rbc1 Red8 22. Qa2 b5 23. cxb5 axb5 24. a5 Qa7 25. Kf1 Bf6 26. Rc6 Rxc6 27. dxc6 d5 28. Rc1 Qc7 29. g3 g5 30. Rc5 e4 31. Rxd5 Qf7 32. c7 Rc8 33. dxe4 fxe4 34. fxe4 Be5+ 35. Bf4 gxf4 36. Qf2 Rxc7 37. Rxe5 f3 38. Qxd4 Qa2 39. Rc5 Qe2+ 40. Kg1 Qe1# 0-1


[Site "https://www.chess.com"]

[Event "Titled Tuesday Blitz February 15 Late 2022"]
[White "Kozin, Yuri"]
[Black "Novikova, Galina"]
[WhiteFideId "4129920"]
[BlackFideId "4157095"]
[WhiteElo "2522"]
[BlackElo "1863"]
[Result "1-0"]
[Round "03"]
[TimeControl "180+1"]
[Date "2022.02.16"]
[WhiteClock "0:00:57"]
[BlackClock "0:00:43"]

1. e4 e6 2. d4 d5 3. Nd2 Nc6 4. Ngf3 g5 5. exd5 exd5 6. c3 Qf6 7. Bb5 Bd7 8. Bxc6 Bxc6 9. Ne5 O-O-O 10. Ndf3 h6 11. O-O Ne7 12. a4 Ng6 13. b4 Be8 14. b5 Bd6 15. Re1 g4 16. Nxg4 Qg7 17. b6 axb6 18. a5 h5 19. Nge5 f6 20. Nd3 Rg8 21. axb6 cxb6 22. Qb3 Ne5 23. Nh4 Nxd3 24. Qxb6 Nxe1 25. Ra8+ Bb8 26. Bf4 Nf3+ 27. Kh1 Nxh4 28. Rxb8+ Kd7 29. Rxb7+ Kc8 30. Rc7+ 1-0


[Site "https://www.chess.com"]

[Event "Titled Tuesday Blitz February 15 Late 2022"]
[White "Kravtsiv, Martyn"]
[Black "Plotkin, Mark"]
[WhiteFideId "14113147"]
[BlackFideId "2611651"]
[WhiteElo "2694"]
[BlackElo "2178"]
[Result "1/2-1/2"]
[Round "03"]
[TimeControl "180+1"]
[Date "2022.02.15"]
[WhiteClock "0:00:22"]
[BlackClock "0:01:11"]

1. e4 c5 2. Nf3 e6 3. d4 cxd4 4. Nxd4 a6 5. Be2 Nf6 6. Nc3 d6 7. O-O Nbd7 8. f4 Be7 9. Be3 Qc7 10. a4 b6 11. Bf3 Bb7 12. Qe2 O-O 13. Bf2 Rac8 14. Rae1 Qc4 15. g4 Qxe2 16. Ndxe2 d5 17. exd5 Nxd5 18. Nxd5 Bxd5 19. Bxd5 exd5 20. Nd4 Bf6 21. Re2 Nc5 22. g5 Bxd4 23. Bxd4 Nxa4 24. Ra1 Rc4 25. Rd2 Nc5 26. b3 Ne4 27. bxc4 Nxd2 28. Bxb6 Nxc4 29. Rxa6 f6 30. Bc5 Rc8 31. Bd4 Nd2 32. c3 fxg5 33. fxg5 Nf3+ 34. Kg2 Nxd4 35. cxd4 Rc4 36. g6 hxg6 37. Rxg6 Rxd4 38. Rd6 Kf7 39. Kf3 Rd1 40. Ke2 Rh1 41. Rxd5 Rxh2+ 42. Kf3 Ra2 43. Rd6 g6 44. Kg3 Kg7 45. Kh3 Kh6 46. Rd5 Ra3+ 47. Kg4 Ra4+ 48. Kg3 Ra7 49. Rc5 Rf7 50. Kg4 Rf6 51. Rb5 Re6 52. Rc5 Re4+ 53. Kg3 Rd4 54. Rb5 g5 55. Ra5 Kh5 56. Ra3 Rg4+ 57. Kh3 Rb4 58. Kg3 Rb1 59. Ra4 Rg1+ 60. Kh3 g4+ 61. Kh2 Rb1 62. Ra8 Rb6 63. Kg3 Rh6 64. Ra5+ 1/2-1/2


[Site "https://www.chess.com"]

[Event "Titled Tuesday Blitz February 15 Late 2022"]
[White "Krishnan, Varun"]
[Black "Erdogdu, Mert"]
[WhiteFideId "5054508"]
[BlackFideId "6301495"]
[WhiteElo "2480"]
[BlackElo "2485"]
[Result "1-0"]
[Round "03"]
[TimeControl "180+1"]
[Date "2022.02.16"]
[WhiteClock "0:00:18"]
[BlackClock "0:00:18"]

1. e4 c5 2. Nf3 d6 3. d4 cxd4 4. Nxd4 Nf6 5. Nc3 a6 6. a4 e6 7. Be2 Be7 8. O-O O-O 9. Be3 Qc7 10. f4 Nc6 11. Qe1 Nxd4 12. Bxd4 e5 13. Be3 exf4 14. Bxf4 Be6 15. Qg3 Qb6+ 16. Kh1 Rfc8 17. e5 dxe5 18. Bxe5 Ne8 19. Bd3 Bd6 20. Ne4 Bxe5 21. Qxe5 Qc7 22. Qh5 h6 23. Rae1 Rd8 24. Ng5 Rd5 25. Nxe6 Rxh5 26. Nxc7 Nxc7 27. Re7 Ne6 28. Rexf7 b5 29. Re7 Nc5 30. Bg6 Rg5 31. Bf7+ Kh8 32. a5 Rd8 33. h4 Rg4 34. h5 Ne4 35. Re1 Ng3+ 36. Kg1 Nf5 37. R7e5 Nh4 38. Re8+ Rxe8 39. Rxe8+ Kh7 40. Bg8+ Kh8 41. Be6+ 1-0


[Site "https://www.chess.com"]

[Event "Titled Tuesday Blitz February 15 Late 2022"]
[White "Krstulovic, Alex"]
[Black "Jobava, Baadur"]
[WhiteFideId "760056"]
[BlackFideId "13601520"]
[WhiteElo "2193"]
[BlackElo "2617"]
[Result "0-1"]
[Round "03"]
[TimeControl "180+1"]
[Date "2022.02.15"]
[WhiteClock "0:01:47"]
[BlackClock "0:02:30"]

1. e4 c6 2. d4 d5 3. exd5 cxd5 4. Bd3 Nf6 5. Bf4 Bg4 6. Nf3 Nc6 7. c3 e6 8. Nbd2 Bd6 9. Bxd6 Qxd6 10. Qb3 O-O 11. O-O Rab8 12. Rae1 Bxf3 13. Nxf3 Nd7 14. Re3 b5 15. a3 Na5 16. Qc2 Nc4 17. Bxc4 bxc4 18. Ng5 Nf6 19. Rf3 h6 20. Rxf6 hxg5 21. Rf3 Rb7 22. Rh3 g6 23. Rg3 Rfb8 24. Rb1 Qxa3 25. Rxg5 Rxb2 26. Rxg6+ Kf8 0-1


[Site "https://www.chess.com"]

[Event "Titled Tuesday Blitz February 15 Late 2022"]
[White "Krzyzanowski, Marcin"]
[Black "Martirosyan, Haik M."]
[WhiteFideId "1132199"]
[BlackFideId "13306553"]
[WhiteElo "2396"]
[BlackElo "2735"]
[Result "0-1"]
[Round "03"]
[TimeControl "180+1"]
[Date "2022.02.15"]
[WhiteClock "0:00:03"]
[BlackClock "0:00:53"]

1. Nf3 e6 2. c4 Nf6 3. g3 c5 4. Bg2 Be7 5. O-O O-O 6. d4 cxd4 7. Nxd4 d6 8. Nc3 a6 9. Be3 Nbd7 10. Rc1 Qc7 11. b3 Ne5 12. h3 Bd7 13. Qd2 Rac8 14. Rfd1 Qb8 15. a4 Rfd8 16. a5 Be8 17. Nf3 Nxf3+ 18. Bxf3 Bc6 19. Bb6 Re8 20. Bxc6 Rxc6 21. Bd4 Qc7 22. Na4 Nd7 23. Nb6 Nxb6 24. Bxb6 Qc8 25. e4 Bd8 26. Bxd8 Rxd8 27. Qd4 Qc7 28. b4 Rc8 29. Kg2 h5 30. Rd2 Rxc4 31. Rxc4 Qxc4 32. Qxc4 Rxc4 33. Rxd6 Rxb4 34. Kf3 Rb5 35. Rd7 g5 36. h4 g4+ 37. Ke3 Kg7 38. Rc7 Kg6 39. Re7 e5 40. Rc7 Rb3+ 41. Ke2 Rb4 42. Ke3 Rb5 43. Ke2 Rxa5 44. Rxb7 Ra2+ 45. Kf1 a5 46. Rb6+ Kg7 47. Ra6 a4 48. Kg2 a3 49. Ra5 Kf6 50. Ra6+ Ke7 51. Ra7+ Ke6 52. Ra6+ Ke7 53. Kg1 Kd7 54. Kg2 Kc7 55. Ra5 Kb6 56. Ra8 Kc5 57. Ra7 Kd4 58. Ra4+ Kd3 59. Kg1 Kc3 60. Kg2 Kb3 61. Ra5 Rd2 62. Rb5+ Kc4 63. Ra5 a2 64. Ra7 Kb3 65. Rb7+ Kc2 0-1


[Site "https://www.chess.com"]